AoeStats
← Creep

Coastal Forest

510580866Analyzed
2v2 RM · 1d ago on Oct 1, 2026· 43m 30s· 4 players
Game mode
Random Map
Map size
Medium (4 player)
Population
200
Speed
Normal
Resources
Standard
Victory
Conquest
Starting age
Dark Age
Ending age
Imperial Age
RankedLock teamsTeams togetherTeam positionsShared explorationLock speedFull tech treeHidden civsTurbo modeCheats
Victory
Defeat
🇬🇧 Inca · United Kingdom
723
+31
🇺🇸 Huns · United States
687
+15
🇪🇸 Chinese · Spain
720
-16
🇪🇸 Khmer · Spain
624
-13
Creep
13:31 Feudal Age
11:49 Loom
14:11 Feudal Age
12:27 Loom
17:18 Wheelbarrow
18:56 Castle Age
34:18 Husbandry
36:28 Ballistics
36:17 Pikeman
38:59 Double-Bit Axe
41:47 Imperial Age
NitrogenGirl
8:22 Loom
16:15 Feudal Age
27:56 Gold Mining
27:57 Stone Mining
27:58 Horse Collar
34:35 Castle Age
37:32 Heavy Plow
XSET Ang3l 3408
17:09 Feudal Age
15:25 Loom
18:50 Wheelbarrow
23:33 Champi Runner
24:00 Arson
24:26 Town Watch
27:57 Scale Mail Armor
28:07 Forging
27:58 Padded Archer Armor
27:50 Fletching
28:12 Horse Collar
29:57 Gold Mining
31:24 Double-Bit Axe
31:30 Stone Mining
37:46 Castle Age
38:56 Hand Cart
38:41 Town Patrol
39:03 Heavy Plow
43:18 Chain Mail Armor
42:59 Bodkin Arrow
43:20 Leather Archer Armor
44:11 Bow Saw
Mase of Spades
12:06 Feudal Age
13:40 Wheelbarrow
12:54 Loom
13:50 Gold Mining
13:57 Double-Bit Axe
15:55 Stone Mining
15:48 Horse Collar
19:26 Town Watch
20:25 Fishing Lines
23:27 Castle Age
22:22 Forging
22:04 Man-at-Arms
25:02 Bloodlines
25:43 Bow Saw
25:38 Heavy Plow
26:27 Scale Barding Armor
26:58 Iron Casting
27:09 Marauders
27:12 Gillnets
28:27 Murder Holes
28:49 Town Patrol
30:14 Husbandry
31:03 Gold Shaft Mining
39:43 Hand Cart
42:31 Chain Barding Armor
44:44 Imperial Age
Connection lost

Rejoining the realm…

Still unreachable

The connection could not be restored.

Session expired

The server has moved on; the page needs a fresh start.